Map: Dusk Towers

Players

WhyAlwaysMe

  • Race: Protoss Protoss

JusticeSimon - Winner!

  • Race: Protoss Protoss
  • League: Master

VOD

Have the link to the VOD?

Description

Time

  • Played on: March 13, 2016, 1:12 a.m.
  • Length: 9:19
Show
View Real Time Build Order
Export as new Build Order

WhyAlwaysMe Protoss 

Build Orders:  

Get SALT Encoding   

  12  0:01  Probe (Chrono Boost)  
  13  0:11  Probe (Chrono Boost)  
  14  0:23  Probe (Chrono Boost)  
  14  0:24  Pylon  
  15  0:42  Probe (Chrono Boost)  
  16  0:47  Gateway  
  16  0:48  Assimilator  
  16  0:53  Probe (Chrono Boost)  
  17  1:03  Probe (Chrono Boost)  
  18  1:14  Probe (Chrono Boost), Pylon  
  19  1:24  Probe (Chrono Boost), Gateway  
  20  1:34  Cybernetics Core  
  20  1:44  Zealot  
  22  1:57  Probe (Chrono Boost)  
  23  2:04  Pylon  
  23  2:19  Adept x2  
  23  2:20  Warp Gate  
  23  2:22  Probe (Chrono Boost)  
  28  2:36  Mothership Core (Chrono Boost)  
  29  2:52  Nexus  
  29  2:54  Probe (Chrono Boost)  
  29  3:05  Probe (Chrono Boost)  
  30  3:07  Assimilator  
  30  3:11  Robotics Facility  
  30  3:17  Probe (Chrono Boost)  
  28  3:48  Probe (Chrono Boost)  
  28  3:50  Adept x2  
  28  3:54  Pylon  
  33  3:59  Observer (Chrono Boost), Probe (Chrono Boost)  
  35  4:07  Probe  
  36  4:11  Probe  
  37  4:17  Probe  
  37  4:21  Warp Prism (Chrono Boost)  
  40  4:25  Probe  
  41  4:33  Probe  
  41  4:37  Probe  
  43  4:39  Twilight Council  
  43  4:43  Probe  
  44  4:50  Probe  
  42  4:53  Stalker  
  41  5:00  Stalker  
  41  5:05  Probe  
  41  5:06  Probe  
  45  5:16  Probe (Chrono Boost)  
  45  5:17  Forge  
  47  5:26  Mothership Core (Chrono Boost)  
  47  5:27  Observer  
  47  5:28  Probe (Chrono Boost)  
  50  5:36  Pylon  
  50  5:38  Probe (Chrono Boost), Assimilator  
  50  5:42  Assimilator  
  49  5:54  Probe x2 (Chrono Boost)  
  49  5:56  Photon Cannon  
  51  6:07  Photon Cannon  
  45  6:27  Probe x2 (Chrono Boost)  
  45  6:29  Pylon  
  45  6:36  Zealot x2  
  45  6:37  Probe (Chrono Boost)  
  45  6:38  Probe (Chrono Boost)  
  49  6:40  Charge (Chrono Boost)  
  49  6:48  Protoss Ground Armor Level 1 (Chrono Boost)  
  49  6:54  Probe x2 (Chrono Boost)  
  50  7:00  Nexus  
  51  7:05  Probe (Chrono Boost), Pylon  
  47  7:14  Probe (Chrono Boost)  
  47  7:15  Probe (Chrono Boost), Photon Cannon  
  50  7:23  Probe (Chrono Boost)  
  50  7:25  Immortal (Chrono Boost)  
  50  7:27  Probe  
  55  7:33  Probe  
  55  7:34  Stalker  
  53  7:41  Probe  
  53  7:43  Photon Cannon  
  53  7:44  Probe  
  52  7:48  Stalker  
  47  8:06  Gateway x2  
  47  8:08  Gateway  
  47  8:12  Gateway  
  51  8:13  Immortal (Chrono Boost)  
  51  8:14  Gateway  
  51  8:16  Probe  
  51  8:17  Probe  
  51  8:19  Zealot  
  52  8:20  Zealot  
  54  8:29  Probe  
  55  8:36  Pylon  
  55  8:41  Stalker x2  
  57  9:00  Pylon  
  57  9:01  Pylon  
  57  9:02  Stalker  
  57  9:07  Pylon  
Show
View Real Time Build Order
Export as new Build Order

JusticeSimon Protoss - Winner!

Build Orders: Phoenix Opening 

Get SALT Encoding   

  12  0:00  Probe (Chrono Boost)  
  13  0:11  Probe (Chrono Boost)  
  14  0:17  Pylon  
  14  0:22  Probe (Chrono Boost)  
  15  0:36  Probe (Chrono Boost)  
  15  0:38  Gateway  
  16  0:46  Probe (Chrono Boost)  
  16  0:49  Assimilator  
  18  0:57  Probe (Chrono Boost)  
  18  1:07  Assimilator, Probe (Chrono Boost)  
  19  1:17  Gateway  
  19  1:18  Probe (Chrono Boost)  
  20  1:28  Probe (Chrono Boost)  
  20  1:29  Cybernetics Core  
  21  1:38  Assimilator  
  21  1:44  Pylon  
  21  1:48  Probe (Chrono Boost)  
  22  1:58  Probe (Chrono Boost)  
  23  2:07  Adept (Chrono Boost)  
  23  2:08  Adept (Chrono Boost)  
  27  2:09  Warp Gate (Chrono Boost)  
  27  2:30  Stargate  
  27  2:35  Stalker (Chrono Boost)  
  31  2:38  Stalker (Chrono Boost)  
  31  2:43  Pylon  
  31  3:02  Probe  
  32  3:07  Pylon  
  32  3:14  Phoenix (Chrono Boost)  
  32  3:17  Probe  
  31  3:35  Probe  
  31  3:37  Phoenix (Chrono Boost)  
  34  3:49  Nexus  
  34  3:50  Mothership Core  
  36  3:58  Phoenix (Chrono Boost)  
  38  4:09  Pylon  
  38  4:12  Probe  
  39  4:18  Stalker  
  41  4:25  Phoenix (Chrono Boost)  
  41  4:28  Probe  
  44  4:37  Stalker  
  46  4:41  Probe  
  45  5:01  Phoenix (Chrono Boost)  
  45  5:02  Probe  
  45  5:03  Probe  
  49  5:10  Robotics Facility  
  49  5:12  Probe  
  50  5:17  Stalker  
  52  5:25  Probe  
  52  5:26  Phoenix (Chrono Boost), Probe  
  56  5:30  Assimilator  
  56  5:49  Phoenix (Chrono Boost)  
  58  5:50  Probe  
  58  5:51  Probe  
  58  5:53  Assimilator  
  58  5:54  Pylon  
  60  6:00  Probe  
  60  6:03  Probe  
  53  6:24  Probe  
  53  6:25  Probe  
  54  6:28  Immortal (Chrono Boost)  
  58  6:36  Probe (Chrono Boost)  
  58  6:37  Probe (Chrono Boost)  
  60  6:47  Probe (Chrono Boost)  
  60  6:48  Probe (Chrono Boost)  
  62  6:57  Probe  
  62  7:00  Probe  
  64  7:03  Phoenix, Immortal (Chrono Boost)  
  64  7:08  Probe  
  71  7:23  Pylon  
  71  7:24  Probe  
  71  7:26  Probe  
  71  7:28  Pylon  
  77  7:37  Immortal (Chrono Boost)  
  77  7:41  Phoenix  
  79  7:54  Probe  
  79  7:56  Probe  
  81  8:02  Stalker x2  
  81  8:05  Probe  
  85  8:08  Probe  
  85  8:11  Immortal (Chrono Boost)  
  91  8:15  Probe  
  91  8:19  Phoenix  
  92  8:23  Probe  
  92  8:26  Probe  
  94  8:35  Nexus  
  92  9:02  Stalker  
  94  9:03  Gateway  
  94  9:05  Gateway  
Tags
 
League
Master
Matchup
PvP
Replay Pack
Simon Rep
Add a new tag
Caveats
  • Supply blocks, unpowered buildings, or Contaminate may cause inaccurate times.
  • Supply counts are checked every 10 seconds.